 Dungeon Crawl Stone Soup version 0.28-a0-1152-g9c71ebef14 (webtiles) character file.

Game seed: 5788160890484453253

301147 leviel the Slayer (level 21, -7/244 HPs)
             Began as a Hill Orc Fighter on Dec 14, 2021.
             Was a High Priest of the Shining One (penitent).
             Mangled by an ironbound frostheart (29 damage)
             ... summoned by a glowing orange brain
             ... on level 4 of the Vaults on Dec 15, 2021.
             The game lasted 01:25:50 (39662 turns).

leviel the Slayer (Hill Orc Fighter)               Turns: 39662, Time: 01:25:50

Health: -7/244     AC: 37    Str: 26    XL:     21   Next: 3%
Magic:  23/31      EV: 11    Int: 10    God:    the Shining One [*]
Gold:   2847       SH: 13    Dex: 14    Spells: 20/20 levels left

rFire   . . .      SeeInvis .   a - +9 war axe (holy)
rCold   . . .      Faith    .   c - +0 kite shield
rNeg    + + .      Spirit   .   D - +3 plate armour
rPois   +          Reflect  .   S - +2 helmet
rElec   .          Harm     .   N - +1 cloak
rCorr   .          Rampage  .   L - +2 pair of gloves
Will    +....                   i - +1 pair of boots {Fly}
Stlth   ..........              u - amulet of regeneration
HPRegen 1.30/turn               U - ring of poison resistance
MPRegen 0.22/turn               d - +4 ring of protection

@: about to teleport, flying
A: iridescent scales 1, agile 1, robust 1
}: 2/15 runes: decaying, gossamer
a: Renounce Religion


You were on level 4 of the Vaults.
You worshipped the Shining One.
The Shining One was demanding penance.
You visited 9 branches of the dungeon, and saw 38 of its levels.
You visited the Abyss 2 times.

You collected 3671 gold pieces.
You spent 824 gold pieces at shops.

Inventory:

Hand Weapons
 a - a +9 war axe of holy wrath (weapon)
 b - the +9 trident "Caollo" {vorpal, rN+ Str+2 Dex+3}
   (You found it on level 4 of the Dungeon)

   It inflicts extra damage upon your enemies.
   Str:       It affects your strength (+2).
   Dex:       It affects your dexterity (+3).
   rN:        It protects you from negative energy.
 B - a +4 war axe of venom
Missiles
 r - 163 poisoned darts
 I - 3 silver javelins (quivered)
 Q - 4 throwing nets
Armour
 c - a +0 kite shield (worn)
 i - a +1 pair of boots of flying (worn)
 D - a +3 plate armour (worn)
 J - +0 swamp dragon scales
 L - a +2 pair of gloves (worn)
 N - a +1 cloak (worn)
 S - a +2 helmet (worn)
Jewellery
 d - a +4 ring of protection (right hand)
 t - an amulet of magic regeneration
 u - an amulet of regeneration (around neck)
 U - a ring of poison resistance (left hand)
 W - the amulet "Xeuwkug" {Spirit Will++ Str-2 Int+4 SInv}
   (You found it on level 4 of the Lair of Beasts)

   [amulet of guardian spirit]

   It causes incoming damage to be divided between your reserves of health and
   magic.
   Str:       It affects your strength (-2).
   Int:       It affects your intelligence (+4).
   SInv:      It lets you see invisible.
   Will:      It greatly increases your willpower.
Wands
 l - a wand of digging (8)
 q - a wand of iceblast (23)
 y - a wand of flame (149)
 F - a wand of acid (33)
 G - a wand of mindburst (13)
 H - a wand of polymorph (5)
 K - a wand of paralysis (9)
 P - a wand of charming (13)
Scrolls
 f - 3 scrolls of enchant weapon {@r3}
 k - 8 scrolls of teleportation
 o - 3 scrolls of holy word
 p - 4 scrolls of fog
 s - 7 scrolls of immolation
 C - a scroll of blinking
 E - 5 scrolls of silence
 M - 21 scrolls of identify {@r1}
 R - 4 scrolls of magic mapping
Potions
 e - 2 potions of lignification
 h - a potion of heal wounds
 j - 3 potions of invisibility
 m - 8 potions of curing
 n - 4 potions of berserk rage
 v - a potion of resistance
 w - 2 potions of brilliance
 z - 6 potions of cancellation
 A - 6 potions of ambrosia
 X - a potion of might
 Y - 3 potions of haste
Miscellaneous
 g - a tin of tremorstones (2/2)
 T - a phantom mirror
 Z - a piece from Xom's chessboard (15/15)


   Skills:
 * Level 26.4 Fighting
 - Level 15.1(17.1) Axes
 - Level 11.5(14.0) Polearms
 + Level 9.7 Throwing
 - Level 13.5 Armour
 - Level 9.5 Dodging
 - Level 15.0 Shields
 - Level 14.1 Invocations
 - Level 5.0 Evocations


You had 20 spell levels left.
You didn't know any spells.
Your spell library contained the following spells:

 Spells                   Type           Power      Damage    Failure   Level
 Animate Skeleton         Necr           0%         N/A       96%         1
 Apportation              Tloc           0%         N/A       96%         1
 Beastly Appendage        Tmut           0%         N/A       96%         1
 Pain                     Necr           0%         1d4       96%         1
 Slow                     Hex            0%         N/A       96%         1
 Sting                    Tmut/Pois      0%         1d3       96%         1
 Summon Small Mammal      Summ           0%         N/A       96%         1
 Blink                    Tloc           0%         N/A       99%         2
 Poisonous Vapours        Pois/Air       0%         N/A       99%         2
 Sublimation of Blood     Necr           0%         N/A       99%         2
 Wereblood                Tmut           0%         N/A       99%         2
 Call Canine Familiar     Summ           0%         N/A       100%        3
 Confusing Touch          Hex            0%         N/A       100%        3
 Dazzling Flash           Conj/Hex       0%         N/A       100%        3
 Frozen Ramparts          Ice            0%         1d2       100%        3
 Gell's Gravitas          Tloc           0%         N/A       100%        3
 Lesser Beckoning         Tloc           0%         N/A       100%        3
 Ozocubu's Armour         Ice            0%         N/A       100%        3
 Portal Projectile        Hex/Tloc       0%         N/A       100%        3
 Spider Form              Tmut/Pois      0%         N/A       100%        3
 Summon Guardian Golem    Hex/Summ       0%         N/A       100%        3
 Teleport Other           Tloc           0%         N/A       100%        3
 Tukima's Dance           Hex            0%         N/A       100%        3
 Vampiric Draining        Necr           0%         2d6       100%        3
 Airstrike                Air            0%         N/A       100%        4
 Ice Form                 Ice/Tmut       0%         N/A       100%        4
 Iskenderun's Mystic Bla  Conj/Tloc      0%         2d3       100%        4
 Leda's Liquefaction      Hex/Erth       0%         N/A       100%        4
 Olgreb's Toxic Radiance  Pois           0%         N/A       100%        4
 Passage of Golubria      Tloc           0%         N/A       100%        4
 Petrify                  Tmut/Erth      0%         N/A       100%        4
 Summon Ice Beast         Ice/Summ       0%         N/A       100%        4
 Summon Lightning Spire   Summ/Air       0%         N/A       100%        4
 Alistair's Intoxication  Tmut/Pois      0%         N/A       100%        5
 Blade Hands              Tmut           0%         N/A       100%        5
 Borgnjor's Vile Clutch   Necr/Erth      0%         N/A       100%        5
 Excruciating Wounds      Necr           0%         N/A       100%        5
 Irradiate                Conj/Tmut      0%         3d14      100%        5
 Lightning Bolt           Conj/Air       0%         1d11      100%        5
 Manifold Assault         Tloc           0%         N/A       100%        5
 Silence                  Hex/Air        0%         N/A       100%        5
 Summon Forest            Summ/Tloc      0%         N/A       100%        5
 Yara's Violent Unravell  Hex/Tmut       0%         3d3       100%        5
 Eringya's Noxious Bog    Tmut/Pois      0%         N/A       100%        6
 Starburst                Conj/Fire      0%         6d3       100%        6
 Ozocubu's Refrigeration  Ice            0%         4d5       100%        7
 Storm Form               Tmut/Air       0%         N/A       100%        7
 Summon Hydra             Summ           0%         N/A       100%        7
 Ignition                 Fire           0%         3d3       100%        8
 Lehudib's Crystal Spear  Conj/Erth      0%         10d2      100%        8
 Maxwell's Capacitive Co  Air            0%         ∞         100%        8


Dungeon Overview and Level Annotations

Branches:
Dungeon (15/15)            Temple (1/1) D:7            Lair (6/6) D:11
  Swamp (4/4) Lair:3       Spider (4/4) Lair:2        Slime (0/5) Lair:5
    Orc (2/2) D:9             Elf (2/3) Orc:2        Vaults (4/5) D:13
 Depths (1/4) D:15
  Crypt: Vaults:2-3

Altars:
Ashenzari
Cheibriados
Dithmenos
Elyvilon
Fedhas
Gozag
Hepliaklqana
Kikubaaqudgha
Makhleb
Nemelex Xobeh
Okawaru
Qazlal
Ru
Sif Muna
Trog
Uskayaw
Vehumet
Wu Jian
Xom
Yredelemnul
Zin
The Shining One
Beogh

Shops:
D:5 (   D:9 ?   D:10 [!=:   Orc:2 !(=?   Vaults:1 ?

Portals:
Abyss: Lair:4

Annotations:
Lair:5 exclusion: 3 oklob plants


Innate Abilities, Weirdness & Mutations

You are partially covered in iridescent scales. (AC +2)
You are agile. (Dex +2)
You are robust. (+10% HP)


Message History

* * * LOW HITPOINT WARNING * * *
Okay, then.
Strange energies crackle from the ironbound thunderhulk's apparatus.
The ironbound thunderhulk blinks!
The vault warden is engulfed in blazing flames.
Flame seeps out of the vault warden.
The glowing orange brain pulsates.
You resist with some effort.
The ironbound preserver gestures wildly while chanting.
The ironbound preserver begins to accept its allies' injuries.
An ironbound convoker comes into view. It is wielding a +0 great mace.
As you read the scroll of fear, it crumbles to dust.
You assume a fearsome visage.
The ironbound convoker looks frightened!
The ironbound frostheart resists with some effort.
The ironbound thunderhulk looks frightened!
The vault warden looks frightened! x2
The glowing orange brain resists with almost no effort.
The ironbound convoker looks frightened!
The ironbound convoker shouts!
The vault sentinel easily resists.
The ironbound preserver looks frightened!
The deep troll looks frightened!
The ironbound preserver looks frightened!
The ironbound frostheart touches you but does no damage.
The ironbound thunderhulk gives up.
Strange energies crackle from the ironbound thunderhulk's apparatus.
The ironbound thunderhulk blinks!
The ironbound convoker cries, "Help!"
As you read the scroll of teleportation, it crumbles to dust.
You feel strangely unstable.
The runic seal fades away.
The ironbound frostheart touches you but does no damage.
Strange energies crackle from the ironbound thunderhulk's apparatus.
The ironbound thunderhulk blinks!
The vault sentinel blows a loud note on a signal horn!
The glowing orange brain blinks!
The ironbound frostheart touches you.
* * * LOW HITPOINT WARNING * * *
The ironbound frostheart freezes you!!
You die...

,,,,,*,,,,,,*
############.p....
,,,,,*,,,,,,*
#.G........#......
,,,,,*,,,,,,*
#..§.......#.T.###
,,,,,*,,,,,,*
#[.........#...#,*
,,,,,*,,,,,,*
#.....§.O..#...#,*
,,,,,+,,,,,,*
#...p......#..p#,,
,,,,,********
#...p..)...#.))###
******
#.....T§...#p[OT..
#@....p.p..'.pWpp§
*****
#.p.....T..#...... ***
**,,,**
#...pp.....####### ,,*
**,,,,,** *##+#########
,,***,,,,,,,**#...p...#
******
*,**,,,,*,,,,*#.......#
*,,,,,
*,+,,,,***,,,,#.......#
*,,,,, *,+,,,**
**,,,'.......# *,,,,,
,,*,,,,***,,,.#.......#
*,,,,,


You could see 2 ironbound preservers, 2 vault wardens, an ironbound thunderhulk
(sheltered, fleeing), an ironbound frostheart (summoned, inner flame,
sheltered), a glowing orange brain (sheltered), 2 deep trolls, a vault sentinel
(sheltered) and an ironbound convoker (summoned, inner flame, sheltered,
fleeing).

Vanquished Creatures
  Asterion (Elf:1)
  2 sphinxes
  The ghost of leviel the Warrior, an adept HOFi of the Shining One (Spider:2)
  A tengu reaver (Vaults:2)
  A frost giant (Vaults:4)
  2 orc warlords (Orc:1)
  2 vault wardens (Vaults:2)
  4 ghost moths
  The ghost of Etewkasm the Grappler, a journeyman TrMo of Jiyva (Lair:5)
  2 emperor scorpions
  A ghoul (Swamp:2)
  11 ironbound preservers
  2 ironbound thunderhulks
  4 eleionomae
  3 very ugly things
  A red draconian (Abyss:2)
  3 spark wasps
  2 dire elephants (Vaults:2)
  5 entropy weavers
  A bunyip (Swamp:1)
  The ghost of avis the Brawler, a journeyman HOMo of Beogh (Lair:4)
  An ettin (Vaults:4)
  Snorg (Lair:4)
  2 fire dragons
  3 shambling mangroves
  7 yaktaur captains
  3 starcursed masses (Abyss:2)
  4 great orbs of eyes
  8 boulder beetles
  3 vault guards
  2 ghost crabs (Swamp:2)
  A naga warrior (Abyss:2)
  A spriggan air mage (Swamp:2)
  20 hydras
  16 centaur warriors
  3 death knights
  7 ironbound frosthearts
  5 dancing weapons (Elf:1)
  2 ogre magi (Orc:2)
  7 alligators
  3 two-headed ogres
  2 tengu warriors
  11 death yaks
  A spriggan berserker (Swamp:2)
  Urug (Lair:1)
  3 thrashing horrors
  9 deep elf knights
  9 goliath frogs
  2 wretched stars (Abyss:2)
  9 skeletal warriors
  6 spriggan druids
  A sixfirhy (Abyss:2)
  6 deep elf archers
  A tengu zombie (D:15)
  A glowing orange brain (Vaults:2)
  6 lindwurms
  2 flayed ghosts (D:15)
  A spatial maelstrom (Abyss:2)
  25 deep trolls
  9 ironbound convokers
  14 swamp dragons
  3 harpies (Vaults:2)
  16 deep elf pyromancers
  2 bog bodies
  2 necromancers
  8 wizards
  2 orc knights
  3 phantasmal warriors (D:15)
  An iron dragon zombie (D:15)
  12 orb spiders
  9 deep elf zephyrmancers
  A wolf spider zombie (D:9)
  4 will-o-the-wisps
  A wolf spider (shapeshifter) (Lair:4)
  30 wolf spiders
  An oklob plant (Lair:4)
  7 cyclopes
  4 manticores
  A worldbinder (Abyss:2)
  2 moths of wrath
  10 orc sorcerers
  15 ugly things
  A guardian serpent (Abyss:2)
  A rust devil (Lair:4)
  6 elephants
  A smoke demon (Abyss:2)
  2 black mambas
  2 torpor snails
  24 cane toads
  9 vault sentinels
  An orange demon (Abyss:2)
  2 freezing wraiths
  A komodo dragon (shapeshifter) (D:13)
  8 rime drakes
  3 kobold demonologists
  An unseen horror (D:13)
  15 yaktaurs
  6 komodo dragons
  15 demonic crawlers
  2 hellwings (D:9)
  36 jumping spiders
  6 meliai
  2 ancient zymes
  A tengu conjurer (D:13)
  13 tyrant leeches
  7 trolls
  11 hornets
  6 polar bears
  30 blink frogs
  2 raiju (Abyss:2)
  A large abomination (Abyss:2)
  5 dream sheep (Lair:6)
  A raiju (shapeshifter) (D:15)
  24 slime creatures
  2 ettin zombies (D:15)
  3 air elementals (Elf:1)
  2 water elementals (Elf:1)
  9 spriggans
  2 centaur simulacra (D:15)
  65 redbacks
  A flying skull (Abyss:2)
  25 tarantellas
  52 yaks
  6 basilisks
  3 wyverns
  4 wraiths
  A steam dragon (D:8)
  A hog (Swamp:3)
  17 humans (D:13)
  25 vampire mosquitoes
  A neqoxec (Abyss:2)
  A spatial vortex (Abyss:2)
  16 swamp worms
  A hydra simulacrum (Lair:5)
  Menkaure (D:7)
  3 nagas (Abyss:2)
  5 wargs
  An acid dragon (D:9)
  14 water moccasins
  7 swamp drakes
  A hornet zombie (D:6)
  3 small abominations (Abyss:2)
  7 ogres
  22 orc warriors
  3 black bears
  2 black mamba simulacra (Lair:5)
  3 boggarts (D:15)
  23 wolves
  17 centaurs
  2 phantoms
  3 kobold brigands
  2 gnoll sergeants
  21 bullfrogs
  2 scorpions
  2 earth elementals (Elf:1)
  A water moccasin skeleton (D:5)
  A dream sheep simulacrum (Lair:5)
  3 killer bees (D:8)
  8 wights
  A howler monkey (D:11)
  A rime drake simulacrum (Lair:5)
  5 electric eels
  2 torpor snail simulacra (Lair:5)
  4 centaur zombies
  A jelly (D:6)
  A komodo dragon simulacrum (Lair:5)
  3 hounds
  4 centaur skeletons
  2 gnoll shamans
  12 orc priests
  2 iguanas
  2 iron imps (Abyss:2)
  32 orc wizards
  2 killer bee zombies
  2 hound skeletons
  2 howler monkey zombies
  25 gnolls
  7 adders
  A howler monkey skeleton (D:4)
  3 shadow imps (D:9)
  12 white imps
  An ufetubus (Abyss:2)
  2 worms (D:2)
  4 dart slugs
  59 orcs
  A bat (D:1)
  8 endoplasms
  2 giant cockroaches
  8 goblins
  6 hobgoblins
  4 jackals (D:1)
  A quokka (D:2)
  7 ball pythons
  A frilled lizard (D:3)
  19 kobolds
  3 rats
  A toadstool (D:2)
1295 creatures vanquished.

Vanquished Creatures (collateral kills)
  Bai Suzhen (Swamp:3)
  A bone dragon (Abyss:2)
  Arachne (Spider:3)
  A sphinx (Vaults:4)
  Kirke (Swamp:3)
  A vault warden (Vaults:1)
  An orc warlord (Vaults:4)
  2 ironbound preservers
  A dire elephant (Vaults:2)
  An entropy weaver (Vaults:4)
  2 yaktaur captains
  A peacekeeper (Vaults:4)
  A vault guard (Vaults:4)
  2 ironbound frosthearts
  A thrashing horror (Abyss:2)
  3 spriggans (Swamp:3)
  A spriggan druid (Swamp:4)
  8 deep trolls
  A swamp dragon (Swamp:4)
  A harpy (shapeshifter) (D:14)
  A smoke demon (Abyss:2)
  3 yaktaurs
  A rime drake (Lair:5)
  A jumping spider (Spider:3)
  3 hornets (Swamp:3)
  2 wraiths (D:14)
  A centaur (D:6)
44 creatures vanquished.

Vanquished Creatures (others)
  Nikola (Vaults:1)
  An emperor scorpion (Spider:4)
  An orb spider (Spider:4)
  A deep elf zephyrmancer (Elf:2)
  2 bloated husks
  2 humans (Swamp:3)
  A hobgoblin (D:4)
  16 foxfires
  51 fungi
  A lurking horror (Abyss:2)
  134 plants
  3 toadstools (D:2)
  3 withered plants
217 creatures vanquished.

Grand Total: 1556 creatures vanquished

Notes
Turn   | Place    | Note
-------+----------+-------------------------------------------
     0 | D:1      | leviel the Hill Orc Fighter began the quest for the Orb.
     0 | D:1      | Reached XP level 1. HP: 19/19 MP: 1/1
   147 | D:1      | Reached XP level 2. HP: 14/27 MP: 2/2
   524 | D:1      | Reached skill level 4 in Fighting
   524 | D:1      | Reached XP level 3. HP: 33/33 MP: 3/3
   565 | D:1      | Found a faded altar of an unknown god.
   992 | D:2      | Found a broken altar of Ashenzari.
  1754 | D:3      | Reached XP level 4. HP: 28/40 MP: 4/4
  2257 | D:3      | Reached XP level 5. HP: 38/47 MP: 5/5
  2797 | D:4      | Noticed an ogre
  2805 | D:4      | Killed an ogre
  2806 | D:4      | Reached skill level 5 in Axes
  2829 | D:4      | Reached XP level 6. HP: 19/55 MP: 6/6
  3051 | D:4      | Reached skill level 5 in Fighting
  3073 | D:4      | Identified the +9 trident "Caollo" {vorpal, rN+ Str+2
                  | Dex+3}
  3569 | D:4      | Noticed a black bear
  3575 | D:4      | Killed a black bear
  3637 | D:5      | Entered Level 5 of the Dungeon
  3637 | D:5      | Found Lyfaxzio's Antique Weapon Boutique.
  3726 | D:5      | Reached skill level 5 in Armour
  3726 | D:5      | Reached XP level 7. HP: 60/61 MP: 7/7
  3948 | D:5      | Noticed a yak
  3952 | D:5      | Noticed a yak
  3955 | D:5      | Noticed a yak
  3972 | D:5      | Killed a yak
  3973 | D:5      | Reached skill level 6 in Fighting
  3992 | D:5      | Killed a yak
  3993 | D:5      | Reached XP level 8. HP: 31/71 MP: 8/8
  3997 | D:5      | Killed a yak
  4722 | D:6      | Reached skill level 1 in Evocations
  4826 | D:6      | Reached skill level 1 in Polearms
  4826 | D:6      | Reached skill level 1 in Dodging
  5210 | D:7      | Reached skill level 7 in Fighting
  5216 | D:7      | Found a staircase to the Ecumenical Temple.
  5227 | Temple   | Entered the Ecumenical Temple
  5324 | Temple   | Became a worshipper of the Shining One
  5366 | D:7      | Found a shimmering altar of Xom.
  5376 | D:7      | Found a shimmering altar of Xom.
  5376 | D:7      | Found a shimmering altar of Xom.
  5379 | D:7      | Found a shimmering altar of Xom.
  5379 | D:7      | Found a shimmering altar of Xom.
  5385 | D:7      | Noticed Menkaure
  5387 | D:7      | Killed Menkaure
  5388 | D:7      | Reached XP level 9. HP: 79/79 MP: 9/9
  5675 | D:7      | Found an opulent altar of Gozag.
  5923 | D:7      | Noticed a two-headed ogre
  5930 | D:7      | Killed a two-headed ogre
  5931 | D:7      | Reached skill level 10 in Axes
  6324 | D:8      | Identified the +6 mace of the Poles {drain, rF+ Will+
                  | Dex+3}
  6333 | D:8      | Reached * piety under the Shining One
  6953 | D:9      | Reached XP level 10. HP: 62/88 MP: 10/10
  6955 | D:9      | Reached skill level 5 in Evocations
  6997 | D:9      | Reached skill level 8 in Fighting
  7093 | D:9      | Found a staircase to the Orcish Mines.
  7142 | D:9      | Reached ** piety under the Shining One
  7338 | D:9      | Reached skill level 5 in Polearms
  7340 | D:9      | Noticed a two-headed ogre
  7364 | D:9      | Reached skill level 9 in Fighting
  7364 | D:9      | Reached XP level 11. HP: 66/97 MP: 11/11
  7370 | D:9      | Killed a two-headed ogre
  7449 | D:9      | Found a white marble altar of Elyvilon.
  7531 | D:9      | Found a sacrificial altar of Ru.
  7625 | D:9      | Reached *** piety under the Shining One
  7664 | D:9      | Found an iron altar of Okawaru.
  7774 | D:9      | Found Cyro Kox's Magic Scroll Emporium.
  7782 | D:9      | Bought a scroll of identify for 22 gold pieces
  7782 | D:9      | Bought a scroll of enchant weapon for 82 gold pieces
  7782 | D:9      | Bought a scroll of identify for 22 gold pieces
  7782 | D:9      | Bought a scroll of silence for 82 gold pieces
  7895 | D:10     | Entered Level 10 of the Dungeon
  7917 | D:10     | Found Wifrootz's Distillery.
  7957 | D:10     | Found Liariud's Jewellery Shop.
  7963 | D:10     | Identified the +1 robe of Bisohu {Will+ Dex+4 Slay+3}
  8007 | D:10     | Found Ybbob's Antique Armour Shoppe.
  8015 | D:10     | Found a shimmering blue altar of Sif Muna.
  8279 | D:10     | Found Unasiqyl's Book Shop.
  8587 | D:11     | Noticed a white ugly thing
  8597 | D:11     | Killed a white ugly thing
  8646 | D:11     | Found a bloodstained altar of Trog.
  8729 | D:11     | Paralysed by a hornet for 3 turns
  8866 | D:11     | Reached skill level 5 in Dodging
  8895 | D:11     | Reached **** piety under the Shining One
  8940 | D:11     | Reached skill level 10 in Fighting
  9050 | D:11     | Noticed a cyclops
  9059 | D:11     | Killed a cyclops
  9239 | D:11     | Reached XP level 12. HP: 91/106 MP: 12/12
  9338 | D:11     | Found a staircase to the Lair.
  9897 | D:12     | Reached skill level 15 in Axes
  9978 | D:12     | Found Uveesm's Self-Improvement Boutique.
 10119 | D:13     | Noticed a centaur warrior
 10309 | Orc:1    | Entered Level 1 of the Orcish Mines
 10370 | Orc:2    | Entered Level 2 of the Orcish Mines
 10371 | Orc:2    | Found a staircase to the Elven Halls.
 10713 | Orc:2    | Reached ***** piety under the Shining One
 10727 | Orc:2    | Found Alamumyck's Magic Scroll Boutique.
 10741 | Orc:2    | Found a radiant altar of Vehumet.
 10741 | Orc:2    | Noticed an ogre mage
 10748 | Orc:2    | Reached skill level 10 in Armour
 10752 | Orc:2    | Killed an ogre mage
 10761 | Orc:2    | Reached skill level 11 in Fighting
 10790 | Orc:2    | Noticed an ogre mage
 10800 | Orc:2    | Killed an ogre mage
 10802 | Orc:2    | Found Sustroru's Jewellery Shop.
 10835 | Orc:2    | Bought a scroll of fog for 24 gold pieces
 10835 | Orc:2    | Bought a scroll of noise for 12 gold pieces
 10879 | Orc:2    | Found an ancient bone altar of Kikubaaqudgha.
 10888 | Orc:2    | Gained mutation: You occasionally shout uncontrollably at
                  | your foes. [a neqoxec]
 10915 | Orc:2    | Found Okesim's Antique Weapon Shop.
 10957 | Orc:2    | Found a roughly hewn altar of Beogh.
 10964 | Orc:2    | Found Totepaph's Distillery.
 10972 | Orc:2    | Bought a potion of degeneration for 12 gold pieces
 11444 | Orc:1    | Noticed an orc warlord
 11513 | Orc:2    | Lost mutation: You occasionally shout uncontrollably at
                  | your foes. [potion of mutation]
 11513 | Orc:2    | Gained mutation: You are partially covered in iridescent
                  | scales. (AC +2) [potion of mutation]
 11513 | Orc:2    | Gained mutation: You are robust. (+10% HP) [potion of
                  | mutation]
 11513 | Orc:2    | Gained mutation: You are agile. (Dex +2) [potion of
                  | mutation]
 11536 | Orc:1    | Killed an orc warlord
 11537 | Orc:1    | Reached XP level 13. HP: 95/128 MP: 13/13
 11706 | Orc:1    | Reached skill level 12 in Fighting
 11791 | Orc:1    | Noticed an orc warlord
 11842 | Orc:1    | Killed an orc warlord
 12245 | Elf:1    | Entered Level 1 of the Elven Halls
 12367 | Lair:1   | Entered Level 1 of the Lair of Beasts
 12517 | Lair:1   | Noticed Urug
 12529 | Lair:1   | Killed Urug
 13088 | Lair:2   | Reached ****** piety under the Shining One
 13354 | Lair:2   | Found a hole to the Spider Nest.
 13363 | Lair:2   | Reached skill level 10 in Polearms
 13949 | Lair:3   | Reached skill level 13 in Fighting
 14280 | Lair:3   | Reached XP level 14. HP: 50/141 MP: 14/14
 14401 | Lair:3   | Found a staircase to the Swamp.
 14813 | Lair:4   | Noticed Snorg
 14846 | Lair:4   | Killed Snorg
 14934 | Lair:4   | Found a transporter.
 15305 | Lair:4   | Found a transporter.
 15310 | Lair:4   | Found a one-way gate to the infinite horrors of the Abyss.
 15704 | Lair:4   | Identified the amulet "Xeuwkug" {Spirit Will++ Str-2 Int+4
                  | SInv}
 15869 | Lair:4   | Noticed avis's ghost (journeyman HOMo)
 16003 | Lair:4   | Reached skill level 14 in Fighting
 16231 | Lair:4   | Killed avis's ghost
 17060 | Lair:5   | Found a staircase to the Slime Pits.
 17432 | Lair:5   | Found a runed translucent gate.
 17433 | Lair:5   | Found a runed translucent gate.
 17434 | Lair:5   | Found a runed translucent gate.
 17479 | Lair:5   | Noticed Etewkasm's ghost (journeyman TrMo)
 17512 | Lair:5   | Killed Etewkasm's ghost
 17992 | Lair:6   | Entered Level 6 of the Lair of Beasts
 18529 | Lair:6   | Reached skill level 1 in Invocations
 18529 | Lair:6   | Reached XP level 15. HP: 135/152 MP: 13/15
 18624 | Lair:6   | Reached skill level 5 in Shields
 18694 | Lair:6   | Reached skill level 5 in Invocations
 18807 | Lair:6   | HP: 2/152 [blink frog (8)]
 20953 | D:13     | Reached skill level 10 in Shields
 20963 | D:13     | Found a gate to the Vaults.
 21095 | D:13     | Reached XP level 16. HP: 161/161 MP: 22/22
 22292 | Swamp:1  | Entered Level 1 of the Swamp
 22292 | Swamp:1  | Found a broken altar of Ashenzari.
 23551 | Swamp:2  | You are sucked into a shaft and drop 1 floor!
 23719 | Swamp:3  | Noticed Kirke
 23728 | Swamp:3  | Killed Kirke
 23729 | Swamp:3  | Reached skill level 15 in Shields
 23732 | Swamp:3  | Reached skill level 1 in Throwing
 23894 | Swamp:3  | Noticed Bai Suzhen
 24018 | Swamp:3  | Killed Bai Suzhen
 24405 | Swamp:4  | Entered Level 4 of the Swamp
 24559 | Swamp:3  | Reached skill level 5 in Throwing
 24748 | Swamp:3  | HP: 8/161 [poisoned by a swamp dragon (poison gas)]
 25031 | Swamp:4  | Reached XP level 17. HP: 46/169 MP: 23/23
 25270 | Swamp:4  | Reached skill level 15 in Fighting
 26031 | Swamp:4  | Reached skill level 16 in Fighting
 26434 | Swamp:4  | Got a decaying rune of Zot
 27188 | Swamp:2  | Reached skill level 17 in Fighting
 27844 | D:15     | Entered Level 15 of the Dungeon
 27963 | D:15     | Reached skill level 10 in Invocations
 27992 | D:15     | Found a staircase to the Depths.
 28240 | D:15     | Identified the +1 pair of boots of the Monk {Harm}
 28468 | D:15     | Reached skill level 18 in Fighting
 28501 | D:15     | Found a broken altar of Ashenzari.
 28981 | Depths:1 | Entered Level 1 of the Depths
 29113 | Spider:1 | Entered Level 1 of the Spider Nest
 29577 | Spider:1 | Reached XP level 18. HP: 190/190 MP: 26/26
 30123 | Spider:2 | Reached skill level 19 in Fighting
 30214 | Spider:2 | Found a runed translucent door.
 30498 | Spider:2 | Noticed leviel's ghost (adept HOFi)
 31380 | Spider:3 | Noticed Arachne
 31400 | Spider:3 | Killed Arachne
 31827 | Spider:3 | Reached skill level 20 in Fighting
 32528 | Elf:1    | Noticed Asterion
 32559 | Elf:1    | Killed Asterion
 33648 | Elf:1    | Reached skill level 21 in Fighting
 33736 | Elf:1    | Identified a +9 war axe of holy wrath (a +8 war axe of
                  | electrocution blessed by the Shining One)
 33736 | Elf:1    | Received a gift from the Shining One
 33929 | Elf:2    | Reached XP level 19. HP: 194/207 MP: 29/29
 34214 | Spider:4 | Entered Level 4 of the Spider Nest
 34575 | Spider:4 | Reached skill level 22 in Fighting
 35269 | Spider:4 | Got a gossamer rune of Zot
 35599 | Spider:2 | Killed leviel's ghost
 35786 | Vaults:1 | Entered Level 1 of the Vaults
 35850 | Vaults:1 | Cast into level 2 of the Abyss (a wizard)
 35910 | Abyss:2  | Reached skill level 23 in Fighting
 36109 | Abyss:2  | Noticed a bone dragon
 36128 | Abyss:2  | Killed a bone dragon
 36206 | Abyss:2  | Paralysed by accursed screaming for 1 turns
 36226 | Vaults:1 | Escaped the Abyss
 36912 | Vaults:1 | Found Assuir's Magic Scroll Shoppe.
 36915 | Vaults:1 | Bought a scroll of enchant weapon for 127 gold pieces
 36915 | Vaults:1 | Bought 3 scrolls of holy word for 382 gold pieces
 36915 | Vaults:1 | Bought a scroll of magic mapping for 59 gold pieces
 36971 | Vaults:1 | Reached skill level 24 in Fighting
 37394 | Vaults:1 | Noticed Nikola
 37408 | Vaults:1 | Killed Nikola
 37635 | Vaults:2 | Reached XP level 20. HP: 214/227 MP: 10/30
 38192 | Vaults:2 | Reached skill level 25 in Fighting
 38999 | Vaults:2 | You are sucked into a shaft and drop 2 floors!
 39065 | Vaults:4 | Reached skill level 26 in Fighting
 39510 | Vaults:4 | Cast into level 2 of the Abyss (a wizard)
 39523 | Vaults:4 | Escaped the Abyss
 39620 | Vaults:4 | Reached XP level 21. HP: 231/244 MP: 23/31
 39651 | Vaults:4 | Was placed under penance by the Shining One
 39662 | Vaults:4 | Mangled by an ironbound frostheart

Illustrated notes

Levels and vault maps discovered:
D:1:      psy_arrival_spokes, layout_loops_ring,
          shapermc_ecumenical_altar_hornbeckon
D:2:      layout_basic, basic_altar, minmay_door_square,
          minmay_gold_behind_fungi, hex_medium, nicolae_figureground_sparkle
D:3:      layout_basic
D:4:      layout_basic
D:5:      layout_loops_ring, serial_shops, nicolae_stop_n_shop_1, minivault_11,
          chequers_avenue
D:6:      layout_rooms
D:7:      layout_basic, xom_redecorated, grunt_gozag_statues,
          minmay_temple_entry_proselytizer, uniq_menkaure
D:8:      layout_rooms
D:9:      cheibrodos_grave_circle, layout_basic, nicolae_overflow_crystal_walls,
          old_standard_altar, nicolae_ru_great_annihilating_truth, david_orc_4,
          serial_shops, nicolae_shop_temple_entry_statues_fountains
D:10:     layout_rooms, lemuel_crystal_altar, serial_shops,
          nicolae_diamond_shop, nicolae_shop_advertising_works
          [nicolae_subvault_shop_adworks], nicolae_square_shop, shop
D:11:     layout_stronghold, grunt_lair_entry_orc_guard_hut,
          serial_bayou_pond_c, minmay_hedge_maze, trog_ov_bears_minmay
D:12:     layout_rooms, nicolae_shop_self_help
D:13:     layout_rooms, grunt_vaults_entry_tiered, minmay_misc_feat_nine_boxes
D:14:     minmay_angry_zag, layout_cave_pools, minmay_staircase_bubble, hex_tiny
D:15:     gammafunk_depths_entry_grave, layout_basic, ashenzari_altar_1,
          chequers_serial_rivers_marsh, chequers_mini_garden, grunt_potential
Temple:   lightli_temple_of_artemis
Lair:1:   layout_regular_city, serial_bayou_shore_a, uniq_urug
Lair:2:   layout_roguey, spider_nest_entry_funnel_web
Lair:3:   layout_regular_city, palyth_hydra_swamp_entry,
          chequers_serial_rivers_micro_a, serial_bayou_pond_d,
          grunt_forest_large_clearing_hut
Lair:4:   layout_regular_city, gammafunk_ghost_abyssal_escape,
          minmay_lair_oklob_items, minmay_lair_drake_nest, lemuel_fruit_tree,
          uniq_snorg
Lair:5:   layout_small_grid, minmay_slime_entry_oklob_enclosed,
          gammafunk_ghost_icy
Lair:6:   minmay_lair_end_frog_pond, layout_regular_city,
          gauntlet_entry_generic, nzn_sisyphean_effort
Swamp:1:  layout_basic_swamp, basic_altar, swamp_pool4,
          infiniplex_staircase_pool
Swamp:2:  nzn_winding_woodlands_medium [nzn_winding_woodlands_5x5_cross,
          nzn_winding_woodlands_5x15_parted, nzn_winding_woodlands_5x5_default,
          nzn_winding_woodlands_hourglass,
          nzn_winding_woodlands_center_triple_pond,
          nzn_winding_woodlands_5x5_closed_star,
          nzn_winding_woodlands_5x5_checkerboard,
          nzn_winding_woodlands_5x15_lazy_stream,
          nzn_winding_woodlands_5x5_open_star], layout_falls_marsh,
          evilmike_swamp_ruin_rubble_2, swamp_pool4
Swamp:3:  layout_basic_swamp, hangedman_swamp_pad, uniq_bai_suzhen, uniq_kirke
Swamp:4:  swamp_alternative, layout_basic_swamp
Spider:1: layout_spider_delve, nicolae_spider_webs_and_nodes
Spider:2: layout_spider_delve, gammafunk_ghost_grave,
          nicolae_spider_spiderdrome, nicolae_spider_cling_halls
Spider:3: layout_spider_delve, nicolae_arachne_temple
Spider:4: grunt_spider_rune_island, nicolae_spider_checkerboard
Orc:1:    layout_caves, portal_ice_cave_entry_imps
Orc:2:    kennysheep_orc_mage_school, layout_caves
Elf:1:    layout_geoelf_diagonals, evilmike_minifort, grunt_megastairs_1,
          uniq_asterion
Elf:2:    elven_hall_of_blades_hangedman_original [mumra_blade_entry_bloodbath],
          layout_loops_cross, uniq_donald
Vaults:1: vaults_standard_mumra_lines, nicolae_vaults_triangles,
          nicolae_vaults_twisting_passages, v_misc_3, vaults_room_semicircle,
          dpeg_vaults_monster_box, hangedman_vaults_trim,
          layout_vaults_omnigrid, serial_shops, nicolae_shop_behind_doors,
          uniq_nikola
Vaults:2: v_misc_22, hangedman_vaults_unwind, vaults_mumra_hex,
          vaults_room_large_hall, v_misc_26, v_misc_18,
          dpeg_vaults_monster_doublerow, hangedman_vaults_hat,
          ontoclasm_vaults_ring_large, v_misc_18, ontoclasm_vaults_idyll,
          ontoclasm_vaults_gateway, layout_vaults_big_cross
Vaults:4: nicolae_vaults_stairing_the_circle, v_pattern_1,
          nicolae_vaults_network_quincunx
          [nicolae_vaults_network_quincunx_subvault,
          nicolae_vaults_network_quincunx_subvault,
          nicolae_vaults_network_quincunx_subvault,
          nicolae_vaults_network_quincunx_subvault,
          nicolae_vaults_network_quincunx_subvault],
          vaults_mumra_minichess_inversion, vaults_mumra_minichess, v_misc_13,
          ontoclasm_vaults_twist, v_misc_15, v_misc_27,
          vaults_dpeg_encased_lava, nicolae_vaults_little_squares_1,
          st_diamondy, layout_vaults_maze_bifur, serial_shops, shop
Depths:1: layout_roguey, enter_ziggurat_c, abyss_entry_flame_altar, special_room
          [special_room_mythical_zoo], hell_entry, dk_noncrumbling_4,
          beargit_elvish_explorers, uniq_sojobo, uniq_saint_roka

Skill      XL: |  1  2  3  4  5  6  7  8  9 10 11 12 13 14 15 16 17 18 19 20 |
---------------+-------------------------------------------------------------+-----
Axes           | 3 4 5 6 8 9 11 12 14 15 | 15.1
Fighting       | 4 5 6 7 9 10 11 13 14 18 21 24 26 | 26.4
Shields        | 4 10 15 | 15.0
Armour         | 4 5 6 7 8 9 10 12 13 | 13.5
Evocations     | 2 4 5 |  5.0
Polearms       | 1 3 5 6 8 10 11 | 11.5
Dodging        | 1 2 4 5 6 8 9 |  9.5
Invocations    | 1 8 11 14 | 14.1
Throwing       | 5 6 7 9 |  9.7

Action                   |  1- 3 |  4- 6 |  7- 9 | 10-12 | 13-15 | 16-18 | 19-21 || total
-------------------------+-------+-------+-------+-------+-------+-------+-------++-------
Melee: War axe           |   111 |   118 |    87 |       |   112 |   697 |   931 ||  2056
       Trident           |       |       |   144 |   621 |  1184 |   903 |       ||  2852
Throw: Dart              |       |     2 |     5 |       |       |     7 |     5 ||    19
       Javelin           |       |       |       |       |       |     3 |     8 ||    11
Invok: Divine Shield     |       |       |       |     1 |       |     3 |     4 ||     8
       Summon Divine War |       |       |       |       |       |     7 |     7 ||    14
       Cleansing Flame   |       |       |       |       |       |     1 |     3 ||     4
       Brand Weapon With |       |       |       |       |       |     1 |       ||     1
Evoke: Wand              |       |       |       |       |     1 |     6 |       ||     7
  Use: Scroll            |     1 |       |     9 |    18 |     8 |    18 |     9 ||    63
       Potion            |       |     1 |     2 |     5 |     8 |    11 |     2 ||    29
 Stab: Distracted        |       |     1 |       |       |       |       |       ||     1
Armor: Scale mail        |    40 |    64 |    97 |    42 |       |       |       ||   243
       Plate armour      |       |       |       |   295 |   627 |   922 |   606 ||  2450
Dodge: Dodged            |    60 |    65 |   104 |   251 |   481 |   603 |   382 ||  1946
Block: Buckler           |    24 |    23 |    41 |   162 |   136 |       |       ||   386
       Kite shield       |       |       |       |       |   297 |   898 |   625 ||  1820

Table legend: (Time is in decaauts)
 A = Elapsed time spent in this place.
 B = Non-inter-level travel time spent in this place.
 C = Inter-level travel time spent in this place.
 D = Time resting spent in this place.
 E = Time spent auto-exploring this place.
 F = Levels seen in this place.
 G = Mean time per level.
                   A        B        C        D        E       F      G
               +--------+--------+--------+--------+--------+-----+--------+
         Total |  38439 |  34530 |   3909 |   5582 |  21034 |  40 |  961.0 |
       Dungeon |  13653 |  11833 |   1820 |    668 |   8776 |  15 |  910.2 |
        Temple |    114 |     97 |     17 |      0 |     82 |   1 |  114.0 |
          Lair |   8511 |   7454 |   1057 |   2014 |   3947 |   6 | 1418.5 |
         Swamp |   4874 |   4540 |    334 |   1567 |   2024 |   4 | 1218.5 |
   Spider Nest |   4275 |   3899 |    376 |    560 |   2316 |   4 | 1068.8 |
  Orcish Mines |   1872 |   1690 |    182 |    145 |   1101 |   2 |  936.0 |
   Elven Halls |   1459 |   1360 |     99 |    151 |    859 |   2 |  729.5 |
        Vaults |   3319 |   3299 |     20 |    477 |   1881 |   3 | 1106.3 |
        Depths |      1 |      1 |      0 |      0 |      0 |   1 |    1.0 |
         Abyss |    356 |    356 |      0 |      0 |     48 |   2 |  178.0 |
               +--------+--------+--------+--------+--------+-----+--------+

Top non-repeatable levels by time:
  Lair:5: 2262 daAuts
  Lair:4: 1788 daAuts
 Swamp:3: 1669 daAuts
    D:11: 1574 daAuts
  Lair:6: 1460 daAuts
Vaults:1: 1422 daAuts
   Elf:1: 1345 daAuts
Vaults:2: 1277 daAuts
Spider:2: 1257 daAuts
 Swamp:2: 1248 daAuts
  Lair:3: 1225 daAuts
 Swamp:4: 1188 daAuts
     D:9: 1181 daAuts
   Orc:2: 1170 daAuts
Spider:4: 1160 daAuts
